 Dungeon Crawl Stone Soup version 0.30-a0-250-g41c1d76940 (webtiles) character file.

Game seed: 10816287228175452198

343 ytrimaz the Chopper (level 6, -3/46 HPs)
             Began as a Djinni Monk on Oct 12, 2022.
             Slain by an ice beast (14 damage)
             ... on level 4 of the Dungeon.
             The game lasted 00:03:53 (2811 turns).

ytrimaz the Chopper (Djinni Monk)                   Turns: 2811, Time: 00:03:53

Health: -3/46      AC:  5    Str: 10    XL:     6   Next: 88%
Gold:   173        EV: 12    Int: 14    God:
                   SH:  5    Dex: 15

rFire   + + .      SeeInvis .    a - +1 hand axe (flame)
rCold   . . .      Faith    .    (no shield)
rNeg    . . .      Spirit   .    f - +2 leather armour {rC+}
rPois   ∞          Reflect  +    (no helmet)
rElec   .          Harm     .    (no cloak)
rCorr   .          Rampage  .    (no gloves)
Will    .....                    (boots unavailable)
Stlth   ++........               h - amulet of reflection
HPRegen 0.27/turn                (no ring)
MPRegen 0.00/turn                (no ring)

@: flying, very slightly contaminated
A: sickness immunity, fire resistance 2, cold vulnerability 1, float, innate
caster, HP casting, extra vitality 1
a: no special abilities


You were on level 4 of the Dungeon.
You visited 1 branch of the dungeon, and saw 4 of its levels.

You collected 173 gold pieces.


Innate Abilities, Weirdness & Mutations

You are immune to sickness and miasma.
You are immune to poison.
Your flesh is very heat resistant. (rF++)
You are vulnerable to cold. (rC-)
You float through the air rather than walking.
You learn spells naturally, not from books.
Your magical power is your life essence.
You have superior vitality. (+4 MHP)


   Skills:
 - Level 3.0 Fighting
 + Level 6.0 Axes
 - Level 3.2 Dodging
 - Level 1.5 Stealth


You had 2 spell levels left.
You knew the following spells:

 Your Spells              Type           Power      Damage    Failure   Level
a - Magic Dart            Conj           0%         1d3       36%         1
b - Scorch                Fire           0%         2d5       52%         2
Your spell library was empty.

Inventory:

Hand Weapons
 a - a +1 hand axe of flaming (weapon)
Armour
 f - a +2 leather armour of cold resistance (worn)
   (You found it on level 3 of the Dungeon)
Jewellery
 h - an amulet of reflection (around neck)
   (You found it on level 3 of the Dungeon)
Scrolls
 d - a scroll of teleportation
 i - a scroll of blinking
Potions
 c - a potion of ambrosia
 e - 2 potions of magic
 j - a potion of flight
 n - a potion of mutation {unknown}

Dungeon Overview and Level Annotations

Branches:
Dungeon (4/15) Zot: 21163
 Temple: D:4-7

Altars:
Okawaru
Wu Jian

Annotations:
D:3 2 transporters

...# .... ....
##########
.......Y@#
$........#
.........#
.........#
.........#
#........#
#........######
⌠.#.####........
#.....#........


You could see an ice beast.


Message History

😨 HP[-15]
You take 15 damage, and now have 18/46 hp.
MASSIVE DAMAGE!! (PAUSE)
You barely miss the ice beast. You block the ice beast's attack.
You are too injured to fight recklessly!
You hit the ice beast but do no damage. The ice beast hits you.
* * * LOW HITPOINT WARNING * * *
The ice beast freezes you!
* * * LOW HITPOINT WARNING * * *
😱 HP[-8]
You take 8 damage, and now have 10/46 hp.
Unknown command.
You hit the ice beast.
You melt the ice beast.
The ice beast hits you but does no damage. 😱 HP[+1]
You feel better.
The ice beast hits you but does no damage. 😨 HP[+11]
You regained 11 hp, and now have 22/46 hp.
You are confused.
You feel invigorated.
The ice beast barely misses you. 😮 HP[+5]
You regained 5 hp, and now have 27/46 hp.
You're too confused to attack without stumbling around!
You're too confused to attack without stumbling around!
You closely miss the ice beast.
The ice beast hits you but does no damage. 😮 HP[+4]
You regained 4 hp, and now have 31/46 hp.
Unknown command. 😕 HP[+4]
You regained 4 hp, and now have 35/46 hp.
You bump into the rock wall.
The ice beast barely misses you. 😕 HP[+3]
You regained 3 hp, and now have 38/46 hp.
Unknown command.
You hit the ice beast.
You melt the ice beast.
The ice beast hits you. The ice beast freezes you. 😮 HP[-5]
You take 5 damage, and now have 33/46 hp.
You barely miss the ice beast. The ice beast hits you.
The ice beast freezes you!
Unknown command. 😮 HP[-7]
You take 7 damage, and now have 26/46 hp.
You bump into the rock wall.
The ice beast closely misses you. 😮 HP[+5]
You regained 5 hp, and now have 31/46 hp.
You bump into the rock wall.
The ice beast misses you. 😮 HP[+3]
You regained 3 hp, and now have 34/46 hp.
Unknown command.
You bump into the rock wall.
You feel less invigorated.
You feel less confused.
The ice beast hits you but does no damage. 😕 HP[+5]
You regained 5 hp, and now have 39/46 hp.
Unknown command.
You barely miss the ice beast. The ice beast hits you.
The ice beast freezes you. 😮 HP[-8]
You take 8 damage, and now have 31/46 hp.
You hit the ice beast.
You melt the ice beast.
You block the ice beast's attack.
You closely miss the ice beast. The ice beast misses you.
Unknown command.
You hit the ice beast.
You melt the ice beast.
The ice beast hits you but does no damage.
You barely miss the ice beast. The ice beast hits you.
The ice beast freezes you!
* * * LOW HITPOINT WARNING * * *
😨 HP[-12]
You take 12 damage, and now have 19/46 hp.
MASSIVE DAMAGE!! (PAUSE)
You barely miss the ice beast. You block the ice beast's attack.
You closely miss the ice beast.
The ice beast hits you but does no damage.
Unknown command.
You barely miss the ice beast.
You block the ice beast's attack. 😨 HP[+1]
You closely miss the ice beast. The ice beast hits you.
* * * LOW HITPOINT WARNING * * *
The ice beast freezes you.
* * * LOW HITPOINT WARNING * * *
😨 HP[-6]
You take 6 damage, and now have 14/46 hp.
Unknown command.
You hit the ice beast but do no damage. You block the ice beast's attack.
Unknown command.
Aiming: Magic Dart (safe; 36% risk of failure)
Press: ? - help, Q - select action, (/) - cycle Shift-Dir - straight line, f - ice beast
Aim: an ice beast (almost dead, 100% to hit)
You miscast Magic Dart.
You are very lightly contaminated with residual magic.
Nothing appears to happen.
* * * LOW HITPOINT WARNING * * *
The ice beast hits you.
* * * LOW HITPOINT WARNING * * *
The ice beast freezes you!
You die...

Skill      XL: |  1  2  3  4  5  6 |
---------------+-------------------+-----
Axes           | 3 5 6 |  6.0
Fighting       | |  3.0
Dodging        | |  3.2
Stealth        | |  1.5

Action                   |  1- 3 |  4- 6 || total
-------------------------+-------+-------++-------
Melee: Hand axe          |   117 |   120 ||   237
       Punch             |       |     3 ||     3
  Use: Scroll            |     4 |     5 ||     9
       Potion            |     2 |     7 ||     9
 Stab: Sleeping          |     3 |     2 ||     5
Armor: Robe              |     7 |       ||     7
       Leather armour    |     8 |    27 ||    35
       Chain mail        |       |     5 ||     5
Dodge: Dodged            |    92 |    81 ||   173
Block: Other             |       |    20 ||    20

Levels and vault maps discovered:
D:1:      saegor_arrival_simple_e, layout_rooms, chequers_serial_rivers_marsh,
          minmay_pentomino_u2
D:2:      layout_loops_ring, uniq_sigmund
D:3:      gammafunk_wand_slinger, layout_loops_ring, old_standard_altar,
          nzn_wu_jian_council_hall
D:4:      layout_gridville, minmay_temple_entry_antechambers,
          serial_bayou_ford_a, grunt_decor_one_mirror, uniq_robin

Notes
Turn   | Place    | Note
-------+----------+-------------------------------------------
     0 | D:1      | ytrimaz the Djinni Monk began the quest for the Orb.
     0 | D:1      | Reached XP level 1. HP: 20/20 MP: 0/0
     0 | D:1      | magus.rc [v1.9.6]
    95 | D:1      | Reached XP level 2. HP: 7/25 MP: 0/0
   195 | D:1      | Reached skill level 3 in Axes
   405 | D:1      | Reached XP level 3. HP: 23/30 MP: 0/0
   405 | D:1      | Learned a level 1 spell: Magic Dart
  1010 | D:2      | Noticed Sigmund
  1020 | D:2      | Killed Sigmund
  1021 | D:2      | Reached skill level 5 in Axes
  1021 | D:2      | Reached XP level 4. HP: 35/35 MP: 0/0
  1021 | D:2      | Reached XP level 5. HP: 40/40 MP: 0/0
  1021 | D:2      | Learned a level 2 spell: Scorch
  1021 | D:2      | Reached XP level 6. HP: 46/46 MP: 0/0
  1545 | D:3      | Found a transporter.
  1950 | D:3      | Found a transporter.
  2020 | D:3      | Found an ornate altar of the Wu Jian Council.
  2246 | D:3      | Found an iron altar of Okawaru.
  2453 | D:4      | Noticed Robin
  2454 | D:4      | Noticed an ogre
  2579 | D:4      | Killed Robin
  2592 | D:3      | Reached skill level 6 in Axes
  2775 | D:4      | Noticed an ice beast
  2789 | D:4      | HP: 10/46 [ice beast (7)]
  2811 | D:4      | HP: 11/46 [ice beast (2)]
  2811 | D:4      | Slain by an ice beast

Vanquished Creatures
  Sigmund (D:2)
  A scorpion (D:3)
  An orc wizard (D:3)
  Robin (D:4)
  4 dart slugs
  4 orcs (D:3)
  8 ball pythons
  6 endoplasms
  3 giant cockroaches
  10 goblins
  8 hobgoblins
  6 jackals (D:2)
  4 kobolds
  3 quokkas
  5 bats
  4 frilled lizards
  3 rats (D:1)
72 creatures vanquished.

Vanquished Creatures (others)
  A goblin (D:4)
  6 plants (D:4)
7 creatures vanquished.

Grand Total: 79 creatures vanquished

Table legend:
 A = Non-vault XP
 B = Vault XP
 C = Vault XP percentage of total XP
 D = Non-vault monster count
 E = Vault monster count
 F = Vault count percentage of total count
                 A         B        C        D         E       F
            +---------+---------+-------+---------+---------+-------
      Total |     234 |     256 |  52.2 |      61 |      11 |  15.3
            +---------+---------+-------+---------+---------+-------
        D:1 |      50 |       4 |   7.4 |      27 |       2 |   6.9
        D:2 |      35 |     226 |  86.6 |      19 |       1 |   5.0
        D:3 |     149 |       3 |   2.0 |      15 |       2 |  11.8
        D:4 |       0 |      23 | 100.0 |       0 |       6 | 100.0
            +---------+---------+-------+---------+---------+-------

Illustrated notes

Table legend:
 A = Kills in this place as a percentage of kills in entire the game.
 B = Kills by you in this place as a percentage of kills by you in the entire game.
 C = Kills by friends in this place as a percentage of kills by friends in the entire game.
 D = Other kills in this place as a percentage of other kills in the entire game.
 E = Experience gained in this place as a percentage of experience gained in the entire game.
 F = Experience gained in this place divided by the number of levels of this place that you have seen.
                   A       B       C       D       E      F
               +-------+-------+-------+-------+-------+----------------------
         Total | 100.0 | 100.0 |   N/A |   N/A | 100.0 | 122.5
       Dungeon | 100.0 | 100.0 |   N/A |   N/A | 100.0 | 122.5
               +-------+-------+-------+-------+-------+----------------------

Table legend: (Time is in decaauts)
 A = Elapsed time spent in this place.
 B = Non-inter-level travel time spent in this place.
 C = Inter-level travel time spent in this place.
 D = Time resting spent in this place.
 E = Time spent auto-exploring this place.
 F = Levels seen in this place.
 G = Mean time per level.
                   A        B        C        D        E       F      G
               +--------+--------+--------+--------+--------+-----+--------+
         Total |   2835 |   2787 |     48 |    301 |   1876 |   4 |  708.8 |
       Dungeon |   2835 |   2787 |     48 |    301 |   1876 |   4 |  708.8 |
               +--------+--------+--------+--------+--------+-----+--------+

Top non-repeatable levels by time:
     D:3: 1106 daAuts
     D:1: 856 daAuts
     D:2: 695 daAuts
     D:4: 177 daAuts
